 Dungeon Crawl Stone Soup version 0.29.1-13-g9f3cf754e1 (webtiles) character file.

Game seed: 16582400021500017813

16 shadowmeld the Ducker (level 2, 0/25 HPs)
             Began as a Djinni Monk on Jan 29, 2023.
             Slain by a jackal (3 damage)
             ... on level 2 of the Dungeon.
             The game lasted 00:03:39 (609 turns).

shadowmeld the Ducker (Djinni Monk)                  Turns: 609, Time: 00:03:39

Health: 0/25       AC:  3    Str: 10    XL:     2   Next: 75%
Gold:   20         EV: 12    Int: 11    God:
                   SH:  0    Dex: 15

rFire   + + .      SeeInvis .     - Unarmed
rCold   x . .      Faith    .   (no shield)
rNeg    . . .      Spirit   .   i - +0 leather armour
rPois   ∞          Reflect  .   (no helmet)
rElec   .          Harm     .   (no cloak)
rCorr   .          Rampage  .   (no gloves)
Will    .....                   (boots unavailable)
Stlth   ++........              (no amulet)
HPRegen 0.08/turn               (no ring)
MPRegen 0.00/turn               (no ring)

@: flying
A: sickness immunity, fire resistance 2, cold vulnerability 1, float, innate
caster, HP casting, extra vitality 1
a: no special abilities


You were on level 2 of the Dungeon.
You visited 1 branch of the dungeon, and saw 2 of its levels.

You collected 20 gold pieces.

Inventory:

Armour
 a - a +0 robe
 i - a +0 leather armour (worn)
Scrolls
 c - a scroll of identify {unknown}
 d - a scroll of fog {unknown}
 e - a scroll of amnesia
 g - a scroll of brand weapon {unknown}
 j - a scroll of silence {unknown}
Potions
 b - a potion of ambrosia
 f - a potion of attraction {unknown}
 h - a potion of heal wounds


   Skills:
 * Level 3.2 Fighting
 * Level 0.3 Armour
 * Level 3.6 Dodging
 - Level 1.5 Stealth
 * Level 3.1 Unarmed Combat
 * Level 0.2 Spellcasting


You had one spell level left.
You didn't know any spells.
Your spell library was empty.

Dungeon Overview and Level Annotations

Branches:
Dungeon (2/15)

Altars:


Innate Abilities, Weirdness & Mutations

You are immune to sickness and miasma.
You are immune to poison.
Your flesh is very heat resistant. (rF++)
You are vulnerable to cold. (rC-)
You float through the air rather than walking.
You learn spells naturally, not from books.
Your magical power is your life essence.
You have superior vitality. (+4 MHP)


Message History

You closely miss the jackal.
The jackal is heavily wounded.
The jackal misses you. The jackal bites you. The jackal barely misses you.
You hit the jackal.
The jackal is severely wounded.
The jackal completely misses you.
The jackal bites you but does no damage.
The jackal misses you. The jackal completely misses you.
The jackal barely misses you.
You hit the jackal.
You kill the jackal!
The jackal bites you but does no damage.
The jackal bites you. x2
You closely miss the rat.
The jackal bites you but does no damage.
The jackal misses you. The rat completely misses you.
You hit the rat.
You kill the rat!
The jackal bites you but does no damage.
The jackal closely misses you. The jackal bites you.
You barely miss the jackal. The jackal closely misses you.
The jackal barely misses you. The jackal bites you.
You miss the jackal. The jackal closely misses you. The jackal bites you.
You barely miss the jackal. The jackal closely misses you. x2
The jackal barely misses you.
You closely miss the jackal. The jackal barely misses you.
The jackal bites you but does no damage.
The jackal bites you.
You closely miss the jackal. The jackal bites you.
* * * LOW HITPOINT WARNING * * *
The jackal bites you.
* * * LOW HITPOINT WARNING * * *
You hit the jackal.
You kill the jackal!
The jackal bites you.
* * * LOW HITPOINT WARNING * * *
You closely miss the jackal. The jackal bites you.
* * * LOW HITPOINT WARNING * * *
The jackal bites you.
You die...

... .<.. ...r.
#.....
#.######......
#.............
#####..####...
# #.:.h###
#...#...†@.#
#>.......#
####.....#
#.....#
#.....#
#.....#
#.....#
#######


You could see a jackal.

Vanquished Creatures
  2 ball pythons (D:1)
  2 endoplasms (D:1)
  A goblin (D:1)
  2 hobgoblins (D:1)
  2 jackals (D:2)
  3 kobolds (D:1)
  2 rats
14 creatures vanquished.

Notes
Turn   | Place    | Note
-------+----------+-------------------------------------------
     0 | D:1      | shadowmeld the Djinni Monk began the quest for the Orb.
     0 | D:1      | Reached XP level 1. HP: 20/20 MP: 0/0
    49 | D:1      | Found a faded altar of an unknown god.
   242 | D:1      | Reached XP level 2. HP: 13/25 MP: 0/0
   576 | D:1      | You are sucked into a shaft and drop 1 floor!
   609 | D:2      | Slain by a jackal

Illustrated notes

Levels and vault maps discovered:
D:1:      matt_arrival_diagonals, layout_basic,
          nicolae_ecumenical_snake_handling
D:2:      layout_basic

Action                   || total
-------------------------++-------
Melee: Unarmed           ||    68
  Use: Scroll            ||     1
       Potion            ||     1
Armor: Robe              ||     5
       Leather armour    ||    11
Dodge: Dodged            ||    69
